 Dungeon Crawl Stone Soup version 0.21-a0-29-g43b3074 (webtiles) character file.

156 grindst0ne the Skirmisher (level 5, 0/44 HPs)
             Began as a Formicid Fighter on May 26, 2017.
             Succumbed to an adder's poison
             ... on level 2 of the Dungeon.
             The game lasted 00:03:31 (1883 turns).

grindst0ne the Skirmisher (Formicid Fighter)        Turns: 1883, Time: 00:03:31

Health: 0/44       AC:  6    Str: 21    XL:     5   Next: 64%
Magic:  5/5        EV:  7    Int:  7    God:
Gold:   79         SH:  9    Dex: 11    Spells: 4/4 levels left

rFire    . . .     SeeInvis +   a - +0 war axe
rCold    . . .     Gourm    .   c - +0 shield
rNeg     . . .     Faith    .   b - +0 scale mail
rPois    .         Spirit   .   (helmet unavailable)
rElec    .         Reflect  .   (no cloak)
rCorr    .         Harm     .   (no gloves)
MR       .....                  (no boots)
Stlth    ..........             (no amulet)
Regen    0.2/turn               (no ring)
MPRegen  0.1/turn               (no ring)

@: lethally poisoned (0 -> -5)
A: permanent stasis, dig shafts and tunnels, four strong arms, antennae 3
a: Dig, Shaft Self


You were on level 2 of the Dungeon.
You were not hungry.

You visited 1 branch of the dungeon, and saw 2 of its levels.

You collected 79 gold pieces.

Inventory:

Hand Weapons
 a - a +0 war axe (weapon)
Armour
 b - a +0 scale mail (worn)
 c - a +0 shield (worn)
Scrolls
 g - a scroll of remove curse
 i - a scroll of recharging {unknown}
 j - a scroll of teleportation {unknown}
 k - a scroll of amnesia {unknown}
 l - a scroll of immolation {unknown}
 n - a scroll of identify {unknown}
Potions
 d - a potion of might
 h - a potion of haste {unknown}
Comestibles
 f - a bread ration
 m - 4 chunks of flesh


   Skills:
 + Level 5.1 Fighting
 + Level 4.0 Axes
 - Level 3.2 Armour
 - Level 3.6 Shields


You had 4 spell levels left.
You didn't know any spells.

Dungeon Overview and Level Annotations

Branches:
Dungeon (2/15)

Altars:


Innate Abilities, Weirdness & Mutations

You cannot be hasted, slowed, berserked, paralysed or teleported.
You can dig through walls and to a lower floor.
Your four strong arms can wield two-handed weapons with a shield.
You have a pair of large antennae on your head. (SInv)


Message History

Your shield and scale mail prevent you from hitting the adder.
The adder is severely wounded.
You feel sick. The adder bites you.
* * * LOW HITPOINT WARNING * * *
The adder bites you.
* * * LOW HITPOINT WARNING * * *
Your shield prevents you from hitting the adder.
The adder is heavily wounded.
* * * LOW HITPOINT WARNING * * *
You feel sick. The adder bites you.
* * * LOW HITPOINT WARNING * * *
You block the adder's attack.
You miss the adder.
The adder is heavily wounded.
* * * LOW HITPOINT WARNING * * *
You feel sick. You block the adder's attack. The adder bites you.
* * * LOW HITPOINT WARNING * * *
You slash the adder!
You kill the adder!
You die...

##########
.........# #######
#[....##.# #.....#
#....P)#.#######.###
...PP♣P..#.........#
..PP♣♣P..#.#####@#.#
.....♣♣..#=##....#.#
...♣♣♣P♣...#....## #
...♣♣♣♣.P..#....
...♣.♣♣..###.###
.÷....♣.P# #.
####..♣P.# #
.....P♣♣..
......P.##


There were no monsters in sight!

Vanquished Creatures
  Natasha (thrice) (D:2)
  2 adders (D:2)
  3 dart slugs
  5 leopard geckos
  2 giant cockroaches (D:2)
  3 goblins
  10 hobgoblins
  3 quokkas (D:2)
  A ball python (D:2)
  7 bats
  4 frilled lizards
  6 kobolds
  10 rats
59 creatures vanquished.

Notes
Turn   | Place    | Note
-------+----------+-------------------------------------------
     0 | D:1      | grindst0ne the Formicid Fighter began the quest for the Orb.
     0 | D:1      | Reached XP level 1. HP: 18/18 MP: 1/1
   112 | D:1      | Reached XP level 2. HP: 24/24 MP: 2/2
   506 | D:1      | Reached XP level 3. HP: 29/30 MP: 3/3
   540 | D:1      | Reached skill level 4 in Fighting
   679 | D:2      | Noticed Natasha
   693 | D:2      | Killed Natasha
   693 | D:2      | Reached XP level 4. HP: 18/38 MP: 4/4
  1158 | D:2      | Noticed Natasha
  1188 | D:2      | Killed Natasha
  1188 | D:2      | Reached XP level 5. HP: 10/43 MP: 5/5
  1451 | D:2      | Noticed Natasha
  1464 | D:2      | Killed Natasha
  1464 | D:2      | Reached skill level 5 in Fighting
  1882 | D:2      | HP: 2/44 [poisoned by an adder]
  1883 | D:2      | Succumbed to an adder's poison

Vault maps used:
D:1:      co_arrival_hexagon_in_a_hexagon
D:2:      serial_forest, infiniplex_forest_lined_corner,
          infiniplex_forest_lined_3, infiniplex_forest_lined_room_2,
          infiniplex_forest_clump_cross, infiniplex_forest_clump_diagonal,
          infiniplex_forest_lined_room_3, infiniplex_forest_clump_long,
          infiniplex_forest_lined_3, minmay_mini_jars, uniq_natasha

Skill      XL: |  1  2  3  4  5 |
---------------+----------------+-----
Fighting       | 4 5 |  5.1
Axes           | 3 4 |  4.0
Armour         | |  3.2
Shields        | |  3.6

Action                   |  1- 3 |  4- 6 || total
-------------------------+-------+-------++-------
Melee: War axe           |    66 |   128 ||   194
 Abil: Dig               |     1 |     3 ||     4
  Use: Potion            |       |     1 ||     1
       Scroll            |       |     1 ||     1
  Eat: Chunk             |       |     4 ||     4
Armor: Scale mail        |    30 |    55 ||    85
Dodge: Dodged            |    16 |    43 ||    59
Block: Shield            |    34 |    78 ||   112
